 Dungeon Crawl Stone Soup version 0.29-a0-919-gd064cfad1c (webtiles) character file.

Game seed: 1784121312760090857

67 Hubjo the Insei (level 3, 0/28 HPs)
             Began as a Demonspawn Transmuter on July 26, 2022.
             Was a Follower of Cheibriados.
             Killed from afar by a dart slug (4 damage)
             ... with a slug dart
             ... on level 2 of the Dungeon.
             The game lasted 00:02:33 (1860 turns).

Hubjo the Insei (Demonspawn Transmuter)             Turns: 1860, Time: 00:02:33

Health: 0/28       AC:  2    Str: 13    XL:     3   Next: 98%
Magic:  6/6        EV: 12    Int: 19    God:    Cheibriados [*.....]
Gold:   79         SH:  0    Dex: 16    Spells: 5/6 levels left

rFire   + . .      SeeInvis .     - Unarmed
rCold   x . .      Faith    .   (no shield)
rNeg    . . .      Spirit   .   a - +0 robe
rPois   .          Reflect  .   (helmet currently unavailable)
rElec   .          Harm     .   (no cloak)
rCorr   .          Rampage  .   (no gloves)
Will    .....                   (boots currently unavailable)
Stlth   +.........              (no amulet)
HPRegen 0.09/turn               h - ring of fire
MPRegen 0.10/turn               (no ring)

@: appendages (expiring), very slow
A: talons 2, horns 1
a: End Transformation, Renounce Religion, Bend Time


You were on level 2 of the Dungeon.
You worshipped Cheibriados.
Cheibriados was aware of your devotion.
You had temporarily grown beastly talons.
You visited 1 branch of the dungeon, and saw 2 of its levels.

You collected 79 gold pieces.

Inventory:

Armour
 a - a +0 robe (worn)
Jewellery
 h - a ring of fire (left hand)
Scrolls
 c - a scroll of silence {unknown}
 d - a scroll of poison {unknown}
 i - a scroll of vulnerability {unknown}
 l - a scroll of identify {unknown}
 m - a scroll of noise {unknown}
Potions
 b - 2 potions of lignification
 f - a potion of mutation {unknown}
 g - a potion of flight {unknown}
 j - a potion of curing
 k - a potion of ambrosia {unknown}


   Skills:
 * Level 2.5 Fighting
 - Level 1.7 Dodging
 + Level 3.1 Unarmed Combat
 + Level 2.4 Spellcasting
 + Level 2.3 Transmutations


You had 5 spell levels left.
You knew the following spells:

 Your Spells              Type           Power      Damage    Failure   Level
a - Beastly Appendage     Tmut           22%        N/A       6%          1

Your spell library contained the following spells:

 Spells                   Type           Power      Damage    Failure   Level
 Wereblood                Tmut           11%        N/A       10%         2
 Spider Form              Tmut/Pois      6%         N/A       30%         3
 Ice Form                 Ice/Tmut       6%         N/A       69%         4


Dungeon Overview and Level Annotations

Branches:
Dungeon (2/15)

Altars:
Cheibriados


Innate Abilities, Weirdness & Mutations

You have temporarily grown beastly talons.
You have a pair of small horns on your head.


Message History

Your headbutt misses the goblin.
The goblin is severely wounded.
The goblin closely misses you. Robin barely misses you.
The endoplasm misses your adder.
Your kobold hits the goblin with a +0 dagger.
The goblin dies!
Cheibriados thoroughly appreciates the change of pace.
Your adder bites Robin.
Your worm bites Robin.
You hit Robin. You claw Robin.
Robin is almost dead.
Robin dies!
Cheibriados appreciates the change of pace.
The endoplasm jiggles.
The endoplasm barely misses your adder.
Your adder bites the endoplasm.
Your kobold throws a stone.
The stone hits the goblin.
Your worm closely misses the goblin.
You hit the goblin.
You kill the goblin!
Cheibriados appreciates the change of pace.
Your adder bites the endoplasm.
The endoplasm misses your adder. The goblin closely misses your adder.
Your kobold throws a stone.
The stone barely misses the goblin.
Your adder bites the endoplasm.
The endoplasm dies!
Cheibriados appreciates the change of pace.
Your kobold throws a stone.
The stone closely misses the goblin.
Your adder completely misses the goblin.
Your worm bites the goblin.
The goblin barely misses you.
Your adder bites the goblin.
The goblin dies!
Cheibriados thoroughly appreciates the change of pace.
The goblin barely misses you.
A dart slug comes into view.
The goblin completely misses you.
Your kobold hits the goblin with a +0 dagger.
Your adder bites the goblin.
The goblin dies!
Cheibriados appreciates the change of pace.
The dart slug launches a dart at you. The slug dart hits you.
You die...

#.......#..........
##..................
#....#...........[..
#....#..............
#...................
#....#..............
#...................
#...)...............
#..@)............<..
#.))..###.......†...
#..Sw...#...........
###.K).....>........
#...................
#........#..........
#$..................
#........w#....#.....
####...........#.....


You could see a dart slug (ally target), a friendly worm (summoned), a friendly
adder (summoned) and a friendly kobold (summoned).

Vanquished Creatures
  An adder (D:2)
  A bat (D:1)
  9 goblins
  7 hobgoblins
  4 jackals (D:1)
  4 kobolds (D:1)
  A quokka (D:1)
  3 ball pythons (D:1)
  3 frilled lizards
  2 rats (D:1)
35 creatures vanquished.

Vanquished Creatures (collateral kills)
  Robin (D:2)
  An endoplasm (D:2)
  4 goblins (D:2)
6 creatures vanquished.

Vanquished Creatures (others)
  21 plants
21 creatures vanquished.

Grand Total: 62 creatures vanquished

Notes
Turn   | Place    | Note
-------+----------+-------------------------------------------
     0 | D:1      | Hubjo the Demonspawn Transmuter began the quest for the
                  | Orb.
     0 | D:1      | Reached XP level 1. HP: 15/15 MP: 3/3
   394 | D:1      | Mutation became permanent: You have a pair of small horns
                  | on your head. [demonic ancestry]
   394 | D:1      | Gained mutation: You have a pair of horns on your head.
                  | [demonic ancestry]
   394 | D:1      | Reached XP level 2. HP: 20/21 MP: 3/5
   776 | D:1      | Found a faded altar of an unknown god.
   863 | D:1      | Prayed at the altar of an unknown god.
   863 | D:1      | Became a worshipper of Cheibriados the Contemplative
   863 | D:1      | Reached * piety under Cheibriados
   940 | D:1      | Reached XP level 3. HP: 2/27 MP: 6/6
  1617 | D:2      | HP: 1/27 [hobgoblin (4)]
  1621 | D:2      | Reached skill level 3 in Unarmed Combat
  1835 | D:2      | Noticed Robin
  1854 | D:2      | Killed Robin
  1860 | D:2      | Killed from afar by a dart slug

Illustrated notes

Levels and vault maps discovered:
D:1:      saegor_arrival_simple_a, layout_loops_ring,
          shapermc_ecumenical_altar_pompeii, minmay_misc_feat_roman,
          minivault_19, serial_bayou_lagoon_a, chequers_serial_rivers_micro_e,
          eino_curves_03, minmay_misc_feat_plants
D:2:      wad_woods_settlement, layout_basic, serial_shops,
          nicolae_shop_waterfront, minmay_randomly_rotated_circles,
          uniq_sigmund, uniq_robin, uniq_crazy_yiuf_cottage

Skill      XL: |  1  2  3 |
---------------+----------+-----
Transmutations | 2 |  2.3
Fighting       | 2 |  2.5
Unarmed Combat | 3 |  3.1
Dodging        | |  1.7
Spellcasting   | |  2.4

Action                   || total
-------------------------++-------
Melee: Unarmed           ||   128
       Kick              ||    17
       Headbutt          ||    18
       Punch             ||     1
 Cast: Beastly Appendage ||    20
  Use: Scroll            ||     1
       Potion            ||     1
 Stab: Sleeping          ||     1
Armor: Robe              ||    18
Dodge: Dodged            ||    88

Table legend: (Time is in decaauts)
 A = Elapsed time spent in this place.
 B = Non-inter-level travel time spent in this place.
 C = Inter-level travel time spent in this place.
 D = Time resting spent in this place.
 E = Time spent auto-exploring this place.
 F = Levels seen in this place.
 G = Mean time per level.
                   A        B        C        D        E       F      G
               +--------+--------+--------+--------+--------+-----+--------+
         Total |   2042 |   1972 |     70 |    158 |   1534 |   2 | 1021.0 |
       Dungeon |   2042 |   1972 |     70 |    158 |   1534 |   2 | 1021.0 |
               +--------+--------+--------+--------+--------+-----+--------+

Top non-repeatable levels by time:
     D:1: 1938 daAuts
     D:2: 103 daAuts
